 Dungeon Crawl Stone Soup version 0.27-a0-59-gfbafd837a3 (webtiles) character file.

Game seed: 14157892339366505311

11 Alarkh the Skirmisher (level 2, 24/24 HPs)
             Began as a Demonspawn Fighter on Jan 8, 2021.
             Got out of the dungeon alive.
             The game lasted 00:00:13 (200 turns).

Alarkh the Skirmisher (Demonspawn Fighter)           Turns: 200, Time: 00:00:13

Health: 24/24      AC:  8    Str: 16    XL:     2   Next: 13%
Magic:  2/2        EV:  6    Int:  9    God:
Gold:   13         SH:  8    Dex: 12    Spells: 1/1 levels left

rFire    . . .     SeeInvis .     - Unarmed
rCold    . . .     Faith    .   b - +0 kite shield
rNeg     . . .     Spirit   .   a - +0 scale mail
rPois    .         Reflect  .   (no helmet)
rElec    .         Harm     .   (no cloak)
rCorr    .         Rampage  .   (no gloves)
Will     .....                  (no boots)
Stlth    ..........             (no amulet)
HPRegen  0.08/turn              (no ring)
MPRegen  0.08/turn              (no ring)

@: no status effects
A: molten scales 1
a: no special abilities


You escaped.
You visited 1 branch of the dungeon, and saw 1 of its levels.

You collected 13 gold pieces.

Inventory:

Armour
 a - a +0 scale mail (worn)
 b - a +0 kite shield (worn)
Potions
 c - a potion of might


   Skills:
 + Level 3.2 Fighting
 - Level 2.6 Armour
 - Level 2.6 Shields
 * Level 2.3 Unarmed Combat


You had one spell level left.
You didn't know any spells.
Your spell library was empty.

Dungeon Overview and Level Annotations

Branches:
Dungeon (1/15)

Altars:


Innate Abilities, Weirdness & Mutations

You are partially covered in molten scales. (AC +2)


Message History

You hit the dart slug but do no damage.
The dart slug is heavily wounded.
The dart slug launches a dart at you.
The slug dart hits you but does no damage.
You hit the dart slug but do no damage.
The dart slug is heavily wounded.
You block the dart slug's attack.
Your shield and scale mail prevent you from hitting the dart slug.
The dart slug is heavily wounded.
You hit the dart slug.
The dart slug is almost dead.
The dart slug launches a dart at you. The slug dart misses you.
You hit the dart slug.
You kill the dart slug!
No target in view!
There is a dry fountain here.
There is a staircase leading out of the dungeon here.
Are you sure you want to leave the Dungeon?
This will make you lose the game!
You have escaped!

###.............)........###
##....#.####.####.####.##...##
#..###...##...##...##...###..#
#.## #.⌠.##.⌠.##.⌠.##.⌠.# ##.#
#.####...##...##...##...####.#
#...###.####.####.####.###...#
#.⌠.###.####.####.####.###.⌠.#
#............................#
##.##.........@..........##.##
#............................#
#.⌠.###.####.####.####.###.⌠.#
#...###.####.####.####.###...#
#.####...##..^##...##...####.#
#.## #.⌠.##.⌠.##.⌠.##.⌠.# ##.#
#..###...##...##...##...###..#
##...##.####.####.####.##...##
###.................†....###


There were no monsters in sight!

Vanquished Creatures
  A dart slug (D:1)
  A goblin (D:1)
  3 jackals (D:1)
  A kobold (D:1)
  2 rats (D:1)
8 creatures vanquished.

Notes
Turn   | Place    | Note
-------+----------+-------------------------------------------
     0 | D:1      | Alarkh the Demonspawn Fighter began the quest for the Orb.
     0 | D:1      | Reached XP level 1. HP: 18/18 MP: 1/1
   160 | D:1      | Gained mutation: You are partially covered in molten
                  | scales. (AC +2) [demonic ancestry]
   160 | D:1      | Reached XP level 2. HP: 24/24 MP: 2/2
   200 | D:$      | Got out of the dungeon alive.

Illustrated notes

Levels and vault maps discovered:
D:1:      dpeg_arrival_chambers_temple_mockup, layout_loops_corners

Skill      XL: |  1 |
---------------+----+-----
Unarmed Combat | 2 |  2.3
Fighting       | |  3.2
Armour         | |  2.6
Shields        | |  2.6

Action                   || total
-------------------------++-------
Melee: Unarmed           ||    37
Armor: Scale mail        ||    13
Dodge: Dodged            ||     9
Block: Kite shield       ||    10

Table legend: (Time is in decaauts)
 A = Elapsed time spent in this place.
 B = Non-inter-level travel time spent in this place.
 C = Inter-level travel time spent in this place.
 D = Time resting spent in this place.
 E = Time spent auto-exploring this place.
 F = Levels seen in this place.
 G = Mean time per level.
                   A        B        C        D        E       F      G
               +--------+--------+--------+--------+--------+-----+--------+
         Total |    200 |    169 |     31 |      0 |    117 |   1 |  200.0 |
       Dungeon |    200 |    169 |     31 |      0 |    117 |   1 |  200.0 |
               +--------+--------+--------+--------+--------+-----+--------+

Top non-repeatable levels by time:
     D:1: 200 daAuts
